 Dungeon Crawl Stone Soup version 0.27-a0-1105-g946c659c87 (webtiles) character file.

Game seed: 17815485921040088422

2039 pokeman the Thaumaturge (level 9, -7/48 HPs)
             Began as a Deep Elf Hedge Wizard on Apr 30, 2021.
             Was an Initiate of Vehumet.
             Mangled by a killer bee (9 damage)
             ... on level 7 of the Dungeon on May 1, 2021.
             The game lasted 00:20:09 (8530 turns).

pokeman the Thaumaturge (Deep Elf Hedge Wizard)     Turns: 8530, Time: 00:20:10

Health: -7/48      AC:  6    Str:  7    XL:     9   Next: 4%
Magic:  6/25       EV: 12    Int: 23    God:    Vehumet [......]
Gold:   383        SH:  0    Dex: 14    Spells: 15/29 levels left

rFire    . . .     SeeInvis .   h - +2 hand axe (vamp)
rCold    . . .     Faith    .   (no shield)
rNeg     . . .     Spirit   .   l - +0 leather armour
rPois    .         Reflect  .   m - +2 hat
rElec    .         Harm     .   (no cloak)
rCorr    .         Rampage  .   (no gloves)
Will     .....                  n - +0 pair of boots
Stlth    ++........             (no amulet)
HPRegen  0.16/turn              (no ring)
MPRegen  0.19/turn              (no ring)

@: lethally poisoned (-7 -> -11)
A: no striking features
a: Renounce Religion


You were on level 7 of the Dungeon.
You worshipped Vehumet.
Vehumet was noncommittal.
You visited 2 branches of the dungeon, and saw 9 of its levels.

You collected 383 gold pieces.

Inventory:

Hand Weapons
 h - a +2 vampiric hand axe (weapon)
 s - a +1 shortbow
Missiles
 d - 195 arrows
 w - 10 bolts
Armour
 l - a +0 leather armour (worn)
 m - a +2 hat (worn)
 n - a +0 pair of boots (worn)
Magical Staves
 y - a staff of conjuration
Scrolls
 e - a scroll of teleportation
 g - a scroll of blinking
 i - a scroll of immolation
 j - 3 scrolls of identify
 o - 3 scrolls of fog
 v - a scroll of fear {unknown}
Potions
 a - a potion of lignification {unknown}
 b - 2 potions of degeneration {unknown}
 c - a potion of magic {unknown}
 f - a potion of haste
 k - 3 potions of resistance {unknown}
 q - 2 potions of might {unknown}
 u - a potion of cancellation {unknown}
 x - a potion of heal wounds {unknown}
 z - a potion of brilliance {unknown}


   Skills:
 + Level 2.3 Fighting
 - Level 3.0 Armour
 - Level 3.0 Dodging
 - Level 3.0 Stealth
 * Level 10.5 Spellcasting
 + Level 5.7 Conjurations
 - Level 1.1 Summonings
 - Level 1.1 Translocations
 + Level 4.8 Fire Magic
 - Level 1.0 Air Magic
 - Level 1.1 Earth Magic
 - Level 1.0 Poison Magic
 + Level 0.4 Evocations


You had 15 spell levels left.
You knew the following spells:

 Your Spells              Type           Power      Damage    Failure   Level
a - Magic Dart            Conj           100%       1d8       1%          1
b - Mephitic Cloud        Conj/Pois/Air  24%        N/A       9%          3
c - Call Imp              Summ           17%        N/A       8%          2
d - Blink                 Tloc           N/A        N/A       8%          2
e - Conjure Flame         Conj/Fire      36%        6-21      2%          3
f - Stone Arrow           Conj/Erth      54%        3d10      5%          3

Your spell library contained the following spells:

 Spells                   Type           Power      Damage    Failure   Level
 Sandblast                Erth           34%        2d9       4%          1
 Summon Small Mammal      Summ           68%        N/A       4%          1
 Passwall                 Tmut/Erth      11%        N/A       10%         2
 Slow                     Hex            12%        N/A       12%         2
 Call Canine Familiar     Summ           17%        N/A       14%         3
 Gell's Gravitas          Tloc           8%         N/A       14%         3
 Summon Guardian Golem    Hex/Summ       14%        N/A       19%         3
 Confusing Touch          Hex            12%        N/A       24%         3
 Summon Lightning Spire   Summ/Air       17%        N/A       45%         4
 Petrify                  Tmut/Erth      14%        N/A       52%         4
 Summon Ice Beast         Ice/Summ       14%        N/A       52%         4
 Lee's Rapid Deconstruct  Erth           8%         3d8*      80%         5
 Metabolic Englaciation   Hex/Ice        6%         N/A       91%         5
 Yara's Violent Unravell  Hex/Tmut       6%         3d5       91%         5


Dungeon Overview and Level Annotations

Branches:
Dungeon (8/15)             Temple (1/1) D:5
   Lair: D:8-11

Altars:
Ashenzari
Cheibriados
Dithmenos
Elyvilon
Fedhas
Gozag
Hepliaklqana
Kikubaaqudgha
Makhleb
Nemelex Xobeh
Okawaru
Qazlal
Ru
Sif Muna
Trog
Uskayaw
Vehumet
Wu Jian
Xom
Yredelemnul
Zin
The Shining One

Shops:
D:4 [

Portals:
Bailey: D:7


Message History

The yak is engulfed in noxious fumes.
The killer bee barely misses you.
Unknown command.
Unknown command.
You hit the killer bee.
You feel better.
The killer bee is severely wounded.
The killer bee barely misses you. The killer bee stings you.
You are poisoned.
The killer bee poisons you!
The orc wizard is engulfed in noxious fumes.
The orc wizard appears confused.
The orc wizard falls into the water!
The orc wizard drowns.
Vehumet accepts your kill.
You hear a splash. x2
Unknown command.
You hit the killer bee.
The killer bee is almost dead.
You feel very sick. The killer bee barely misses you.
The killer bee stings you.
* * * LOW HITPOINT WARNING * * *
Unknown command.
Casting: Mephitic Cloud (dangerous; 9% risk of failure)
Confirm with . or Enter, or press ? or * to list all spells.
Aiming: Magic Dart (safe; 1% risk of failure)
Press: ? - help, Shift-Dir - straight line, f - killer bee
Aim: a killer bee (water, almost dead, confused, 100% to hit)
The magic dart hits the killer bee.
The killer bee is almost dead.
* * * LOW HITPOINT WARNING * * *
You feel sick. The killer bee barely misses you. The killer bee stings you.
* * * LOW HITPOINT WARNING * * *
Casting: Magic Dart (safe; 1% risk of failure)
Confirm with . or Enter, or press ? or * to list all spells.
Aiming: Magic Dart (safe; 1% risk of failure)
Press: ? - help, Shift-Dir - straight line, f/p - killer bee
Aim: a killer bee (water, almost dead, confused, 100% to hit)
The magic dart hits the killer bee but does no damage.
The killer bee is almost dead.
* * * LOW HITPOINT WARNING * * *
You feel sick. The killer bee stings you!
You die...

#......##**
######o...y...,**
##....Y........,*,
#.)##.#..).....,*,
#).○....#######,*,
#.≈≈≈≈≈.#* *,*,
#○≈...≈..#*****,,,
#.y)∩>≈....,,,,,*,
#@≈...≈..###***,*,
#.≈≈≈≈≈...,,,,,,*,
#.........,***,,*,
#####.....,,,,,,**
*....,,****,**
******,...,,***,,**
*,,,,,,,..,,,,,,,**
***,**,,,,,,,,*,,**
*,**,,,,,,,,*,,*,


You could see a yak, a killer bee (confused) and an orc wizard.

Vanquished Creatures
  The ghost of LuckyCharm the Magician, an amateur DjNe (D:5)
  An orc warrior (D:7)
  2 black bears
  2 ogres
  3 centaurs
  A phantom (D:5)
  A bullfrog (D:5)
  4 scorpions
  A killer bee (D:3)
  5 hounds
  3 orc priests
  A jelly (D:4)
  An iguana (D:5)
  5 orc wizards
  6 gnolls
  5 adders
  A shadow imp (D:6)
  An ufetubus (D:6)
  3 worms
  4 dart slugs
  17 orcs
  11 ball pythons
  6 bats
  6 endoplasms
  A giant cockroach (D:1)
  14 goblins
  2 hobgoblins
  9 jackals
  6 kobolds
  5 quokkas
  2 frilled lizards
  5 rats
135 creatures vanquished.

Vanquished Creatures (collateral kills)
  An ogre (D:5)
  A centaur (D:5)
  3 killer bees (D:3)
  An iguana (D:3)
  A gnoll (D:2)
  3 adders
  4 orcs
  An endoplasm (D:2)
  A giant cockroach (D:3)
  A jackal (D:2)
  A frilled lizard (D:2)
18 creatures vanquished.

Grand Total: 153 creatures vanquished

Notes
Turn   | Place    | Note
-------+----------+-------------------------------------------
     0 | D:1      | pokeman the Deep Elf Hedge Wizard began the quest for the
                  | Orb.
     0 | D:1      | Reached XP level 1. HP: 10/10 MP: 7/7
   429 | D:1      | Reached XP level 2. HP: 7/16 MP: 1/9
  1269 | D:1      | Reached skill level 5 in Spellcasting
  1524 | D:2      | Reached XP level 3. HP: 14/20 MP: 6/11
  1528 | D:2      | Learned a level 3 spell: Mephitic Cloud
  1531 | D:2      | Learned a level 2 spell: Call Imp
  1534 | D:2      | Learned a level 2 spell: Blink
  1538 | D:2      | Learned a level 3 spell: Conjure Flame
  1863 | D:2      | Reached skill level 1 in Fighting
  1921 | D:2      | Reached skill level 1 in Armour
  1980 | D:2      | Reached XP level 4. HP: 10/25 MP: 3/13
  2430 | D:2      | Found a faded altar of an unknown god.
  3717 | D:3      | Reached skill level 1 in Fire Magic
  3739 | D:3      | Reached skill level 6 in Spellcasting
  3739 | D:3      | Reached XP level 5. HP: 28/29 MP: 1/15
  3899 | D:3      | Reached skill level 1 in Air Magic
  4431 | D:3      | Found a glowing silver altar of Zin.
  4614 | D:3      | Reached XP level 6. HP: 34/34 MP: 2/17
  4640 | D:3      | Reached skill level 1 in Poison Magic
  4940 | D:4      | Found Feiwak's Armour Boutique.
  4993 | D:3      | Reached skill level 7 in Spellcasting
  4997 | D:3      | Learned a level 3 spell: Stone Arrow
  5687 | D:4      | Reached skill level 1 in Earth Magic
  5687 | D:4      | Reached XP level 7. HP: 39/39 MP: 13/20
  6242 | D:5      | Entered Level 5 of the Dungeon
  6383 | D:5      | Reached skill level 8 in Spellcasting
  6924 | D:5      | Reached XP level 8. HP: 34/44 MP: 16/22
  7234 | D:5      | Found a runed translucent door.
  7246 | D:5      | Reached skill level 9 in Spellcasting
  7491 | D:5      | Found a staircase to the Ecumenical Temple.
  7502 | Temple   | Entered the Ecumenical Temple
  7542 | Temple   | Became a worshipper of Vehumet
  7806 | D:5      | Noticed LuckyCharm's ghost (amateur DjNe)
  7825 | D:5      | Reached skill level 5 in Conjurations
  7836 | D:5      | Killed LuckyCharm's ghost
  8153 | D:6      | Reached skill level 10 in Spellcasting
  8425 | D:6      | You fall into a shaft and drop 2 floors!
  8489 | D:7      | Found a flagged portal.
  8516 | D:7      | Reached XP level 9. HP: 19/48 MP: 14/25
  8529 | D:7      | HP: 2/48 [killer bee (4)]
  8530 | D:7      | Mangled by a killer bee

Illustrated notes

Levels and vault maps discovered:
D:1:      dpeg_arrival_more_subterranean_lakeside_camping, layout_basic,
          minmay_quantized
D:2:      layout_loops_cross, hellmonk_ecumenical_altar_arch_garden,
          kennysheep_generic_room_2
D:3:      layout_rooms, zin_treasury, minmay_increasing_density
D:4:      layout_cave_pods, serial_shops, nicolae_shop_crystal,
          kennysheep_generic_room_8
D:5:      layout_rooms, temple_hall, ebering_ghost_sewer_d, chequers_jeans,
          st_stairs_9, minmay_misc_feat_cross
D:6:      layout_gridville, kennysheep_generic_room_15
D:7:      minmay_spotlight, layout_basic, enter_bailey_5
D:8:      layout_cave_pools, erik_lair_island
Temple:   nicolae_temple_the_god_donut

Skill      XL: |  1  2  3  4  5  6  7  8 |
---------------+-------------------------+-----
Spellcasting   | 5 6 7 8 10 | 10.5
Fighting       | 1 2 |  2.3
Armour         | 1 3 |  3.0
Conjurations   | 2 3 4 5 |  5.7
Dodging        | 3 |  3.0
Fire Magic     | 1 2 3 4 |  4.8
Stealth        | 3 |  3.0
Air Magic      | 1 |  1.0
Poison Magic   | 1 |  1.0
Earth Magic    | 1 |  1.1
Summonings     | |  1.1
Translocations | |  1.1
Evocations     | |  0.4

Action                   |  1- 3 |  4- 6 |  7- 9 || total
-------------------------+-------+-------+-------++-------
Melee: Dagger            |     5 |    41 |    28 ||    74
       Hand axe          |       |       |     2 ||     2
 Cast: Magic Dart        |    85 |   176 |    75 ||   336
       Call Imp          |     3 |     9 |     5 ||    17
       Mephitic Cloud    |       |     4 |    15 ||    19
       Blink             |       |     1 |     1 ||     2
       Conjure Flame     |       |     1 |     1 ||     2
       Stone Arrow       |       |       |    25 ||    25
  Use: Potion            |       |     2 |       ||     2
       Scroll            |       |       |     7 ||     7
 Stab: Confused          |       |       |     5 ||     5
Armor: Robe              |    10 |    11 |       ||    21
       Leather armour    |       |     9 |    20 ||    29
Dodge: Dodged            |    29 |    80 |    40 ||   149

Table legend: (Time is in decaauts)
 A = Elapsed time spent in this place.
 B = Non-inter-level travel time spent in this place.
 C = Inter-level travel time spent in this place.
 D = Time resting spent in this place.
 E = Time spent auto-exploring this place.
 F = Levels seen in this place.
 G = Mean time per level.
                   A        B        C        D        E       F      G
               +--------+--------+--------+--------+--------+-----+--------+
         Total |   8522 |   8391 |    131 |    771 |   6472 |   9 |  946.9 |
       Dungeon |   8468 |   8349 |    119 |    771 |   6439 |   8 | 1058.5 |
        Temple |     53 |     41 |     12 |      0 |     33 |   1 |   53.0 |
               +--------+--------+--------+--------+--------+-----+--------+

Top non-repeatable levels by time:
     D:2: 1913 daAuts
     D:3: 1580 daAuts
     D:4: 1548 daAuts
     D:1: 1514 daAuts
     D:5: 1323 daAuts
     D:6: 482 daAuts
     D:7: 89 daAuts
  Temple: 53 daAuts
     D:8: 14 daAuts
